Map: Pillars of Gold LE

Players

Zest - Winner!

  • Race: Protoss Protoss
  • Spawn Location: 1:00

AgoElazer (Elazer)

  • Race: Zerg Zerg
  • Spawn Location: 7:00

Event: War Chest Team League

VOD

Have the link to the VOD?

Description

Time

  • Played on: Aug. 2, 2020, 8:27 a.m.
  • Length: 9:35
Show
View Real Time Build Order
Export as new Build Order

Zest Protoss - Winner!

Build Orders: 1 Gate Expand, Archon Immortal, Archon Drop, Dark Templar Rush 

Get SALT Encoding   

  12  0:00  Probe  
  13  0:12  Probe  
  14  0:19  Pylon  
  14  0:24  Probe  
  15  0:37  Probe (Chrono Boost)  
  15  0:41  Gateway  
  16  0:47  Probe (Chrono Boost)  
  17  0:51  Assimilator  
  17  0:53  Probe  
  18  1:05  Probe  
  19  1:17  Probe  
  20  1:28  Nexus  
  20  1:38  Cybernetics Core  
  20  1:41  Probe  
  20  1:46  Assimilator  
  21  1:53  Probe  
  22  1:56  Pylon  
  22  2:05  Probe (Chrono Boost)  
  23  2:11  Adept (Chrono Boost)  
  23  2:15  Warp Gate  
  26  2:16  Probe (Chrono Boost)  
  26  2:21  Probe (Chrono Boost)  
  27  2:26  Twilight Council  
  27  2:32  Probe  
  28  2:38  Stalker  
  28  2:42  Probe  
  31  2:45  Probe  
  32  2:53  Robotics Facility  
  32  2:57  Probe  
  33  2:58  Probe  
  34  3:09  Probe  
  34  3:10  Probe  
  36  3:13  Gateway  
  36  3:20  Dark Shrine  
  36  3:24  Probe  
  36  3:25  Adept  
  39  3:28  Probe  
  40  3:37  Gateway  
  40  3:45  Warp Prism (Chrono Boost)  
  40  3:51  Probe  
  40  3:53  Probe  
  44  3:57  Pylon  
  44  4:02  Assimilator  
  44  4:04  Assimilator, Probe  
  44  4:05  Probe  
  46  4:10  Pylon  
  46  4:16  Adept x2  
  50  4:18  Probe x2  
  52  4:30  Probe  
  52  4:31  Probe  
  54  4:41  Dark Templar x3  
  54  4:43  Probe x2  
  62  5:03  Pylon  
  62  5:06  Probe x2  
  56  5:15  Archon  
  56  5:18  Probe  
  56  5:19  Dark Templar  
  56  5:20  Dark Templar  
  61  5:26  Probe  
  62  5:30  Probe, Nexus  
  62  5:32  Blink  
  62  5:33  Pylon  
  62  5:34  Pylon  
  63  5:39  Observer (Chrono Boost)  
  64  5:43  Forge  
  64  5:46  Archon  
  64  5:52  Shield Battery  
  64  5:54  Assimilator  
  64  5:57  Probe  
  64  5:58  Immortal (Chrono Boost)  
  64  5:59  Pylon  
  64  6:00  Protoss Ground Weapons Level 1 (Chrono Boost)  
  69  6:09  Probe x2  
  71  6:21  Probe  
  71  6:22  Probe  
  73  6:27  Sentry x2  
  73  6:28  Sentry, Immortal (Chrono Boost)  
  83  6:33  Probe (Chrono Boost)  
  83  6:34  Probe (Chrono Boost)  
  85  6:41  Gateway  
  85  6:42  Gateway  
  85  6:43  Probe x2 (Chrono Boost)  
  85  6:44  Gateway  
  87  6:48  Probe x3 (Chrono Boost)  
  90  6:59  Probe  
  90  7:00  Probe  
  92  7:02  Gateway x2  
  92  7:03  Immortal (Chrono Boost)  
  92  7:06  Assimilator  
  92  7:07  Sentry x3  
  102  7:17  Probe x2  
  102  7:19  Pylon  
  102  7:20  Pylon  
  104  7:26  Immortal  
  104  7:35  Photon Cannon  
  108  7:39  Photon Cannon  
  108  7:42  Photon Cannon  
  108  7:49  Stalker x4  
  108  7:50  Stalker x2  
  116  8:11  Stalker x2  
  120  8:18  Stalker x2  
  120  8:19  Observer  
  124  8:20  Pylon  
  124  8:23  Pylon  
  124  8:35  Observer  
  124  8:47  Stalker x6  
  124  8:48  Stalker x2  
  140  9:05  Pylon  
  131  9:11  Stalker x4  
  131  9:12  Stalker  
  131  9:25  Stalker x2  
  131  9:26  Stalker  
Show
View Real Time Build Order
Export as new Build Order

AgoElazer Zerg 

Build Orders: Hatch First 

Get SALT Encoding   

  12  0:00  Drone  
  13  0:12  Overlord  
  13  0:17  Drone  
  14  0:31  Drone x2  
  16  0:43  Drone  
  17  0:54  Hatchery  
  17  0:57  Drone  
  17  1:00  Drone  
  18  1:10  Extractor  
  17  1:15  Spawning Pool  
  17  1:18  Drone  
  17  1:22  Drone  
  18  1:28  Drone  
  19  1:39  Drone  
  20  1:51  Overlord  
  20  2:02  Queen  
  20  2:05  Queen  
  20  2:06  Zergling x4  
  26  2:14  Metabolic Boost  
  26  2:17  Drone x2  
  28  2:23  Drone  
  28  2:27  Drone  
  30  2:33  Drone  
  31  2:38  Drone  
  31  2:44  Queen  
  34  2:53  Hatchery  
  34  2:57  Overlord  
  32  2:59  Drone  
  32  3:03  Drone  
  34  3:09  Drone  
  34  3:11  Overlord  
  35  3:16  Drone  
  35  3:17  Drone x3  
  39  3:24  Queen  
  39  3:25  Drone  
  42  3:27  Drone  
  42  3:33  Queen  
  45  3:36  Drone  
  45  3:40  Drone  
  47  3:43  Drone x3  
  47  3:46  Drone  
  51  3:51  Roach Warren  
  51  3:55  Overlord, Drone  
  51  4:04  Overlord  
  51  4:08  Zergling x10  
  56  4:14  Zergling x6  
  56  4:15  Zergling x2  
  60  4:23  Zergling x4  
  62  4:29  Overlord  
  62  4:34  Roach x2  
  62  4:35  Roach x3  
  72  4:43  Spore Crawler x2  
  70  4:48  Spore Crawler  
  63  5:06  Overlord  
  58  5:07  Drone x9  
  58  5:09  Drone  
  58  5:12  Drone  
  63  5:15  Drone  
  63  5:19  Drone x2  
  67  5:21  Drone x2  
  68  5:31  Overlord  
  68  5:33  Drone x5  
  73  5:38  Lair  
  73  5:39  Drone  
  73  5:42  Drone x2  
  76  5:49  Overlord  
  76  5:52  Overlord  
  76  5:57  Extractor  
  74  6:08  Overlord  
  74  6:09  Drone x4  
  76  6:13  Drone x6  
  81  6:21  Drone x2  
  81  6:22  Drone x2  
  81  6:23  Drone  
  81  6:24  Drone  
  87  6:25  Extractor  
  87  6:26  Drone  
  87  6:27  Evolution Chamber, Drone  
  87  6:30  Extractor  
  86  6:35  Glial Reconstitution  
  86  6:40  Drone x8  
  86  6:43  Spire  
  86  6:46  Extractor  
  92  6:47  Extractor  
  91  6:55  Overlord  
  91  6:57  Hatchery, Roach x3  
  91  6:58  Overlord  
  96  7:02  Overlord  
  96  7:05  Overlord  
  96  7:06  Overlord x2  
  96  7:07  Pneumatized Carapace  
  96  7:11  Overlord, Zerg Missile Weapons Level 1  
  96  7:21  Overlord  
  96  7:26  Roach x9  
  114  7:31  Overlord  
  114  7:32  Overlord  
  114  7:40  Baneling Nest  
  113  7:44  Overlord  
  113  7:48  Roach x7  
  127  7:54  Overlord  
  127  7:55  Roach  
  127  7:56  Roach x3  
  132  8:01  Overlord  
  131  8:07  Mutalisk  
  131  8:08  Mutalisk x2  
  131  8:10  Mutalisk  
  139  8:14  Overlord  
  139  8:15  Roach x3  
  145  8:20  Zergling x10  
  150  8:27  Zergling x8  
  154  8:35  Ravager x2  
  154  8:39  Zergling x2, Overlord  
  154  8:40  Zergling x14  
  148  8:43  Ravager x2  
  148  8:46  Zergling x4  
  150  8:53  Roach x2  
  158  8:55  Roach x2  
  158  8:56  Roach x2  
  151  9:11  Roach x8  
  151  9:13  Roach  
Tags
 
Add a new tag
Caveats
  • Supply blocks, unpowered buildings, or Contaminate may cause inaccurate times.
  • Supply counts are checked every 10 seconds.